AoeStats
← HerrVonker

Coastal Forest

510374890Analyzed
2v2 RM · 2d ago on Sep 30, 2026· 16m 24s· 4 players
Game mode
Random Map
Map size
Medium (4 player)
Population
200
Speed
Normal
Resources
Standard
Victory
Conquest
Starting age
Dark Age
Ending age
Imperial Age
RankedLock teamsTeams togetherTeam positionsShared explorationLock speedFull tech treeHidden civsTurbo modeCheats
Victory
Defeat
🇩🇪 Varangians · Germany
1241
+12
🇩🇪 Danes · Germany
1126
+17
🇹🇷 Danes · Türkiye
1153
-15
🇸🇮 Persians · Slovenia
1142
-14
FreshCarp8370
7:09 Loom
9:21 Feudal Age
burouc
12:18 Feudal Age
HerrVonker
7:19 Loom
9:30 Feudal Age
10:46 Double-Bit Axe
14:21 Forging
14:03 Fletching
henobe
10:28 Feudal Age
8:44 Loom
11:00 Double-Bit Axe
13:23 Bloodlines
15:05 Scale Barding Armor
16:25 Forging
Connection lost

Rejoining the realm…

Still unreachable

The connection could not be restored.

Session expired

The server has moved on; the page needs a fresh start.